| TOP OF THE 1ST |
|
Tampa Twisters batting - Pitching for Dunedin Rangers : RHP Ron Darling
|
|
Pitching: RHP Ron Darling
|
|
|
Batting: RHB John Hotchkiss
|
0-0: Ball 1-0: Swinging Strike 1-1: Called Strike 1-2: Ball 2-2: Foul Ball, location: 2F 2-2: Strikes out swinging
|
|
Batting: RHB Jim Olander
|
0-0: Called Strike 0-1: Swinging Strike 0-2: Ball 1-2: Strikes out swinging
|
|
Batting: RHB Basil Tennell
|
0-0: Ball 1-0: Ball 2-0: Ball 3-0: Base on Balls
|
|
Batting: LHB Jose Tolentino
|
0-0: Called Strike 0-1: Called Strike 0-2: Foul Ball, location: 2F 0-2: Ball 1-2: Foul Ball, location: 2F 1-2: Ball 2-2: Strikes out swinging
|
| Top of the 1st over - 0 runs, 0 hits, 0 errors, 1 left on base; Tampa 0 - Dunedin 0 |
| BOTTOM OF THE 1ST |
|
Dunedin Rangers batting - Pitching for Tampa Twisters : RHP Hugh Kemp
|
|
Pitching: RHP Hugh Kemp
|
|
|
Batting: RHB Jacob Brumfield
|
0-0: Called Strike 0-1: Foul Ball, location: 2F 0-2: Ball 1-2: Ball 2-2: Ball 3-2: Ground out 4-3 (Groundball, 4M, EV 78.1 MPH)
|
|
Batting: LHB Curt Ford
|
0-0: Called Strike 0-1: SINGLE (Groundball, 56D, EV 101.9 MPH)
|
|
Batting: LHB La Schelle Tarver
|
0-0: Ball 1-0: SINGLE (Flyball, 6D, EV 85.0 MPH) Curt Ford to second
|
|
Batting: RHB Glenn Wilson
|
0-0: Ball 1-0: Called Strike 1-1: Foul Ball, location: 2F 1-2: Strikes out looking
|
|
Batting: LHB Ty Van Burkleo
|
0-0: Called Strike 0-1: Ball 1-1: Ball 2-1: Swinging Strike 2-2: Ball 3-2: Fly out, F8 (Flyball, 8LS, EV 83.1 MPH)
|
| Bottom of the 1st over - 0 runs, 2 hits, 0 errors, 2 left on base; Tampa 0 - Dunedin 0 |
| TOP OF THE 2ND |
|
Tampa Twisters batting - Pitching for Dunedin Rangers : RHP Ron Darling
|
|
Batting: LHB Jordan Berge
|
0-0: Ball 1-0: Swinging Strike 1-1: Foul Ball, location: 2F 1-2: SINGLE (Flyball, 9S, EV 88.8 MPH)
|
|
Batting: RHB Andres Thomas
|
0-0: Ball 1-0: Called Strike 1-1: Foul Ball, location: 2F 1-2: Strikes out swinging
|
|
Batting: RHB Scott Earl
|
0-0: Ball 1-0: Called Strike 1-1: Swinging Strike 1-2: Strikes out swinging
|
|
Batting: RHB Benito Santiago
|
0-0: Ball 1-0: Swinging Strike 1-1: Swinging Strike 1-2: Ball 2-2: Foul Ball, location: 2F 2-2: Strikes out swinging
|
| Top of the 2nd over - 0 runs, 1 hit, 0 errors, 1 left on base; Tampa 0 - Dunedin 0 |
| BOTTOM OF THE 2ND |
|
Dunedin Rangers batting - Pitching for Tampa Twisters : RHP Hugh Kemp
|
|
Batting: RHB John Gibbons
|
0-0: Ball 1-0: Ball 2-0: SINGLE (Flyball, 4D, EV 88.8 MPH)
|
|
Batting: RHB Edgar Martinez
|
0-0: Called Strike 0-1: Called Strike 0-2: Ball 1-2: Ball 2-2: Foul Ball, location: 2F 2-2: Foul Ball, location: 2F 2-2: 2-RUN HOME RUN (Flyball, 7D, EV 103.8 MPH), Distance : 379 ft
|
|
Batting: RHB Gary Thurman
|
0-0: Swinging Strike 0-1: Ball 1-1: Swinging Strike 1-2: Strikes out swinging, 2-3 out at first.
|
|
Batting: RHB Ron Gant
|
0-0: Ball 1-0: Foul Ball, location: 2F 1-1: Ground out 4-3 (Groundball, 4, EV 96.9 MPH)
|
|
Batting: RHB Jacob Brumfield
|
0-0: Ball 1-0: Called Strike 1-1: Ball 2-1: Ball 3-1: Foul Ball, location: 2F 3-2: SINGLE (Groundball, 6D, EV 95.0 MPH)
|
|
Batting: LHB Curt Ford
|
0-0: Called Strike 0-1: Swinging Strike 0-2: Ball 1-2: Foul Ball, location: 2F 1-2: Strikes out swinging
|
| Bottom of the 2nd over - 2 runs, 3 hits, 0 errors, 1 left on base; Tampa 0 - Dunedin 2 |
| TOP OF THE 3RD |
|
Tampa Twisters batting - Pitching for Dunedin Rangers : RHP Ron Darling
|
|
Batting: LHB Alex Castaneda
|
0-0: Foul Ball, location: 2F 0-1: Foul Ball, location: 2F 0-2: Strikes out swinging
|
|
Batting: RHB John Hotchkiss
|
0-0: Ball 1-0: Called Strike 1-1: Swinging Strike 1-2: Ball 2-2: Foul Ball, location: 2F 2-2: Ball 3-2: Fly out, F8 (Flyball, 8RD, EV 90.6 MPH)
|
|
Batting: RHB Jim Olander
|
0-0: Fly out, F6 (Popup, 56D, EV 60.6 MPH)
|
| Top of the 3rd over - 0 runs, 0 hits, 0 errors, 0 left on base; Tampa 0 - Dunedin 2 |
| BOTTOM OF THE 3RD |
|
Dunedin Rangers batting - Pitching for Tampa Twisters : RHP Hugh Kemp
|
|
Batting: LHB La Schelle Tarver
|
0-0: Called Strike 0-1: Ground out 5-3 (Groundball, 56S, EV 82.5 MPH)
|
|
Batting: RHB Glenn Wilson
|
0-0: Ground out 4-3 (Groundball, 4M, EV 102.5 MPH)
|
|
Batting: LHB Ty Van Burkleo
|
0-0: Ball 1-0: Called Strike 1-1: Ball 2-1: Ball 3-1: Fly out, F8 (Flyball, 78S, EV 98.1 MPH)
|
| Bottom of the 3rd over - 0 runs, 0 hits, 0 errors, 0 left on base; Tampa 0 - Dunedin 2 |
| TOP OF THE 4TH |
|
Tampa Twisters batting - Pitching for Dunedin Rangers : RHP Ron Darling
|
|
Batting: RHB Basil Tennell
|
0-0: DOUBLE (Line Drive, 7LS, EV 111.9 MPH)
|
|
Batting: LHB Jose Tolentino
|
0-0: Foul Ball, location: 2F 0-1: Ground out U3 (Groundball, 3, EV 87.5 MPH) Basil Tennell to third
|
|
Batting: LHB Jordan Berge
|
0-0: Ball 1-0: Ball 2-0: Ball 3-0: Base on Balls
|
|
Batting: RHB Andres Thomas
|
0-0: Fielders Choice at 2nd, 4-6 (Groundball, 34, EV 85.0 MPH) Basil Tennell scores
|
|
Batting: RHB Scott Earl
|
0-0: Ball 1-0: Called Strike 1-1: Ball 2-1: Ball 3-1: Base on Balls Andres Thomas to second
|
|
Batting: RHB Benito Santiago
|
0-0: Called Strike 0-1: Swinging Strike 0-2: Ball Wild Pitch! Andres Thomas to third Scott Earl to second 1-2: Ball 2-2: Foul Ball, location: 2F 2-2: Strikes out looking
|
| Top of the 4th over - 1 run, 1 hit, 0 errors, 2 left on base; Tampa 1 - Dunedin 2 |
| BOTTOM OF THE 4TH |
|
Dunedin Rangers batting - Pitching for Tampa Twisters : RHP Hugh Kemp
|
|
Batting: RHB John Gibbons
|
0-0: Swinging Strike 0-1: Swinging Strike 0-2: Ball 1-2: Fly out, F9 (Flyball, 9LM, EV 80.6 MPH)
|
|
Batting: RHB Edgar Martinez
|
0-0: Ball 1-0: Called Strike 1-1: Ball 2-1: Ball 3-1: Swinging Strike 3-2: Foul Ball, location: 2F 3-2: Strikes out swinging
|
|
Batting: RHB Gary Thurman
|
0-0: Ball 1-0: Ball 2-0: Ball 3-0: Called Strike 3-1: Called Strike 3-2: Fly out, F7 (Flyball, 78M, EV 79.4 MPH)
|
| Bottom of the 4th over - 0 runs, 0 hits, 0 errors, 0 left on base; Tampa 1 - Dunedin 2 |
| TOP OF THE 5TH |
|
Tampa Twisters batting - Pitching for Dunedin Rangers : RHP Ron Darling
|
|
Batting: LHB Alex Castaneda
|
0-0: Called Strike 0-1: Foul Ball, location: 2F 0-2: Ball 1-2: Ball 2-2: Ball 3-2: Base on Balls
|
|
Batting: RHB John Hotchkiss
|
0-0: Called Strike 0-1: Ball 1-1: Foul Ball, location: 2F 1-2: Strikes out looking
|
|
Batting: RHB Jim Olander
|
0-0: Ball 1-0: Called Strike 1-1: 2-RUN HOME RUN (Flyball, 78XD, EV 111.3 MPH), Distance : 425 ft
|
|
Batting: RHB Basil Tennell
|
0-0: Called Strike 0-1: Ball 1-1: Foul Ball, location: 2F 1-2: Ball 2-2: Ball 3-2: Base on Balls
|
|
Batting: LHB Jose Tolentino
|
0-0: Swinging Strike 0-1: DOUBLE (Line Drive, 7LS, EV 107.5 MPH) Basil Tennell to third Runner from 3rd tries for Home, SAFE, no throw by LF
|
|
Batting: LHB Jordan Berge
|
0-0: Ball 1-0: Called Strike 1-1: Ball 2-1: Fly out, F4 (Flyball, 4D, EV 83.1 MPH)
|
|
Batting: RHB Andres Thomas
|
0-0: Ball 1-0: Ground out 4-3 (Groundball, 4M, EV 83.1 MPH)
|
| Top of the 5th over - 3 runs, 2 hits, 0 errors, 1 left on base; Tampa 4 - Dunedin 2 |
| BOTTOM OF THE 5TH |
|
Dunedin Rangers batting - Pitching for Tampa Twisters : RHP Hugh Kemp
|
|
Batting: RHB Ron Gant
|
0-0: Swinging Strike 0-1: Foul Ball, location: 2F 0-2: SINGLE (Flyball, 9LS, EV 92.5 MPH)
|
|
Batting: RHB Jacob Brumfield
|
0-0: Ball 1-0: Called Strike 1-1: Ball 2-1: Foul Ball, location: 2F 2-2: Foul Ball, location: 2F 2-2: Fly out, F9 (Flyball, 89D, EV 101.3 MPH)
|
|
Batting: LHB Curt Ford
|
0-0: Foul Ball, location: 2F 0-1: Ball 1-1: Swinging Strike 1-2: Strikes out swinging
|
|
Batting: LHB La Schelle Tarver
|
0-0: Ground out 4-3 (Groundball, 4S, EV 85.0 MPH)
|
| Bottom of the 5th over - 0 runs, 1 hit, 0 errors, 1 left on base; Tampa 4 - Dunedin 2 |
| TOP OF THE 6TH |
|
Tampa Twisters batting - Pitching for Dunedin Rangers : RHP Ron Darling
|
|
Batting: RHB Scott Earl
|
0-0: Ball 1-0: Ball 2-0: Foul Ball, location: 2F 2-1: Ball 3-1: Fly out, F9 (Flyball, 9S, EV 85.0 MPH)
|
|
Batting: RHB Benito Santiago
|
0-0: Ground out 6-3 (Groundball, 6, EV 81.9 MPH)
|
|
Batting: LHB Alex Castaneda
|
0-0: Called Strike 0-1: Foul Ball, location: 2F 0-2: SINGLE (Line Drive, 5D, EV 96.9 MPH)
|
|
Batting: RHB John Hotchkiss
|
0-0: Ball 1-0: Ball 2-0: Called Strike 2-1: Ball 3-1: SINGLE (Groundball, 34D, EV 107.5 MPH) Alex Castaneda to second Runner from 2nd tries for 3rd, SAFE, throw by RF made to third
|
|
Batting: RHB Jim Olander
|
0-0: Foul Ball, location: 2F 0-1: Fly out, F9 (Flyball, 89S, EV 87.5 MPH)
|
| Top of the 6th over - 0 runs, 2 hits, 0 errors, 2 left on base; Tampa 4 - Dunedin 2 |
| BOTTOM OF THE 6TH |
|
Dunedin Rangers batting - Pitching for Tampa Twisters : RHP Hugh Kemp
|
|
Batting: RHB Glenn Wilson
|
0-0: Foul Ball, location: 2F 0-1: Swinging Strike 0-2: Ball 1-2: Foul Ball, location: 2F 1-2: Foul Ball, location: 2F 1-2: Fly out, F8 (Flyball, 8RD, EV 100.0 MPH)
|
|
Batting: LHB Ty Van Burkleo
|
0-0: Foul Ball, location: 2F 0-1: Ball 1-1: SINGLE (Groundball, 6D, EV 96.3 MPH)
|
|
Batting: RHB John Gibbons
|
0-0: 2-RUN HOME RUN (Flyball, 7D, EV 105.6 MPH), Distance : 398 ft
|
|
Batting: RHB Edgar Martinez
|
0-0: Ball 1-0: SINGLE (Flyball, 8LS, EV 93.1 MPH)
|
|
Batting: RHB Gary Thurman
|
0-0: Ball 1-0: Called Strike 1-1: Called Strike 1-2: Ball 2-2: Foul Ball, location: 2F 2-2: Foul Ball, location: 2F 2-2: Foul Ball, location: 2F 2-2: Strikes out swinging
|
|
Pitching: RHP Kevin Gordon
|
|
|
Batting: RHB Ron Gant
|
0-0: Called Strike 0-1: Called Strike 0-2: Strikes out swinging
|
| Bottom of the 6th over - 2 runs, 3 hits, 0 errors, 1 left on base; Tampa 4 - Dunedin 4 |
| TOP OF THE 7TH |
|
Tampa Twisters batting - Pitching for Dunedin Rangers : RHP Ron Darling
|
|
Batting: RHB Basil Tennell
|
0-0: Foul Ball, location: 2F 0-1: Ball 1-1: Fly out, F9 (Line Drive, 9S, EV 93.8 MPH)
|
|
Batting: LHB Jose Tolentino
|
0-0: Called Strike 0-1: Ball 1-1: Ball 2-1: Swinging Strike 2-2: Ball 3-2: Foul Ball, location: 2F 3-2: Base on Balls
|
|
Batting: LHB Jordan Berge
|
0-0: Ball 1-0: Swinging Strike 1-1: Fly out, F2 (Popup, 2R, EV 83.1 MPH)
|
|
Batting: RHB Andres Thomas
|
0-0: Ball 1-0: Ball 2-0: Ball 3-0: Called Strike 3-1: Called Strike 3-2: Strikes out swinging
|
| Top of the 7th over - 0 runs, 0 hits, 0 errors, 1 left on base; Tampa 4 - Dunedin 4 |
| BOTTOM OF THE 7TH |
|
Dunedin Rangers batting - Pitching for Tampa Twisters : RHP Kevin Gordon
|
|
Batting: RHB Jacob Brumfield
|
0-0: Ball 1-0: Ball 2-0: Ball 3-0: Called Strike 3-1: Base on Balls
|
|
Batting: LHB Curt Ford
|
0-0: Ball 1-0: Ball 2-0: Called Strike 2-1: Foul Ball, location: 2F 2-2: Strikes out swinging
|
|
Batting: LHB La Schelle Tarver
|
0-0: Ball 1-0: Ground out 4-3 (Groundball, 34, EV 101.3 MPH) Jacob Brumfield to second
|
|
Batting: RHB Glenn Wilson
|
0-0: Swinging Strike 0-1: Ground out 5-3 (Groundball, 5, EV 78.1 MPH)
|
| Bottom of the 7th over - 0 runs, 0 hits, 0 errors, 1 left on base; Tampa 4 - Dunedin 4 |
| TOP OF THE 8TH |
|
Tampa Twisters batting - Pitching for Dunedin Rangers : RHP Ron Darling
|
|
Batting: RHB Scott Earl
|
0-0: Ball 1-0: Ball 2-0: Fly out, F9 (Flyball, 9LM, EV 86.3 MPH)
|
|
Batting: RHB Benito Santiago
|
0-0: Called Strike 0-1: Ball 1-1: Foul Ball, location: 2F 1-2: Foul Ball, location: 2F 1-2: Ball 2-2: Fly out, F4 (Popup, 4, EV 70.0 MPH)
|
|
Batting: LHB Alex Castaneda
|
0-0: Ball 1-0: Called Strike 1-1: Ground out 6-3 (Groundball, 6M, EV 100.0 MPH)
|
| Top of the 8th over - 0 runs, 0 hits, 0 errors, 0 left on base; Tampa 4 - Dunedin 4 |
| BOTTOM OF THE 8TH |
|
Dunedin Rangers batting - Pitching for Tampa Twisters : RHP Kevin Gordon
|
|
Pitching: RHP Dave Harman
|
|
|
Batting: LHB Ty Van Burkleo
|
0-0: Ball 1-0: Called Strike 1-1: Ball 2-1: Swinging Strike 2-2: Ball 3-2: Base on Balls
|
|
Batting: RHB John Gibbons
|
0-0: Fly out, F3 (Popup, 23, EV 85.6 MPH)
|
|
Batting: RHB Edgar Martinez
|
0-0: Swinging Strike 0-1: Ball 1-1: Fly out, F8 (Line Drive, 8LD, EV 86.9 MPH)
|
|
Batting: RHB Gary Thurman
|
0-0: Foul Ball, location: 2F 0-1: Swinging Strike 0-2: Strikes out swinging
|
| Bottom of the 8th over - 0 runs, 0 hits, 0 errors, 1 left on base; Tampa 4 - Dunedin 4 |
| TOP OF THE 9TH |
|
Tampa Twisters batting - Pitching for Dunedin Rangers : RHP Ron Darling
|
|
Pitching: RHP Juan Gonzalez
|
|
|
Batting: RHB John Hotchkiss
|
0-0: Ball 1-0: Called Strike 1-1: Ball 2-1: Foul Ball, location: 2F 2-2: Foul Ball, location: 2F 2-2: Strikes out swinging
|
|
Batting: RHB Jim Olander
|
0-0: Ground out 6-3 (Groundball, 6, EV 83.1 MPH)
|
|
Batting: RHB Basil Tennell
|
0-0: Called Strike 0-1: Ball 1-1: Swinging Strike 1-2: Foul Ball, location: 2F 1-2: Ball 2-2: Strikes out swinging
|
| Top of the 9th over - 0 runs, 0 hits, 0 errors, 0 left on base; Tampa 4 - Dunedin 4 |
| BOTTOM OF THE 9TH |
|
Dunedin Rangers batting - Pitching for Tampa Twisters : RHP Dave Harman
|
|
Pinch Hitting: LHB Mike L Hart
|
0-0: Ball 1-0: Foul Ball, location: 2F 1-1: SINGLE (Groundball, 6MS, EV 62.5 MPH) (infield hit)
|
|
Batting: RHB Jacob Brumfield
|
0-0: Ball 1-0: Called Strike 1-1: Ball 2-1: Foul Ball, location: 2F 2-2: Strikes out swinging
|
|
Batting: LHB Curt Ford
|
0-0: Called Strike 0-1: Foul Ball, location: 2F 0-2: Ball 1-2: DOUBLE (Line Drive, 5D, EV 95.0 MPH) Mike L Hart to third
|
|
Batting: LHB La Schelle Tarver
|
0-0: Intentional Walk
|
|
Batting: RHB Glenn Wilson
|
0-0: Called Strike 0-1: Grounds into fielders choice 5-2 (Groundball, 56S, EV 85.0 MPH) Curt Ford to third La Schelle Tarver to second
|
|
Batting: LHB Ty Van Burkleo
|
0-0: Ball 1-0: Ball 2-0: Called Strike 2-1: Foul Ball, location: 2F 2-2: Ball 3-2: Strikes out swinging
|
| Bottom of the 9th over - 0 runs, 2 hits, 0 errors, 3 left on base; Tampa 4 - Dunedin 4 |
| TOP OF THE 10TH |
|
Tampa Twisters batting - Pitching for Dunedin Rangers : RHP Juan Gonzalez
|
|
Now in CF: Mike L Hart
|
|
|
Batting: LHB Jose Tolentino
|
0-0: Called Strike 0-1: Called Strike 0-2: Ground out 4-3 (Groundball, 4, EV 80.6 MPH)
|
|
Batting: LHB Jordan Berge
|
0-0: Ball 1-0: Ball 2-0: Ball 3-0: Base on Balls
|
|
Pinch Hitting: SHB Jack Daugherty
|
0-0: Ball 1-0: Foul Ball, location: 2F 1-1: Ball 2-1: Ball 3-1: Base on Balls Jordan Berge to second
|
|
Batting: RHB Scott Earl
|
0-0: Ball 1-0: Grounds into double play, 6-4-3 (Groundball, 6M, EV 86.3 MPH)
|
| Top of the 10th over - 0 runs, 0 hits, 0 errors, 1 left on base; Tampa 4 - Dunedin 4 |
| BOTTOM OF THE 10TH |
|
Dunedin Rangers batting - Pitching for Tampa Twisters : RHP Dave Harman
|
|
Pitching: RHP Josias Manzanillo
|
|
|
Now at SS: Terry Strickland
|
|
|
Batting: RHB John Gibbons
|
0-0: Foul Ball, location: 2F 0-1: Ball 1-1: Ball 2-1: Foul Ball, location: 2F 2-2: Ball 3-2: Ground out 6-3 (Groundball, 6, EV 100.6 MPH)
|
|
Batting: RHB Edgar Martinez
|
0-0: Ball 1-0: Called Strike 1-1: Foul Ball, location: 2F 1-2: Ball 2-2: Ball 3-2: Foul Ball, location: 2F 3-2: Base on Balls
|
|
Pinch Hitting: LHB David Thielker
|
0-0: Ball 1-0: Foul Ball, location: 2F 1-1: Foul Ball, location: 2F 1-2: SINGLE (Groundball, 34S, EV 86.3 MPH) (infield hit) Edgar Martinez to second
|
|
Batting: LHB Mike L Hart
|
0-0: Ball 1-0: Ball 2-0: Ball 3-0: Base on Balls Edgar Martinez to third David Thielker to second
|
|
Batting: RHB Jacob Brumfield
|
0-0: Ball 1-0: Grounds into fielders choice 3-2 (Groundball, 3, EV 101.9 MPH) David Thielker to third Mike L Hart to second
|
|
Batting: LHB Curt Ford
|
0-0: Called Strike 0-1: Ball 1-1: Ball 2-1: Foul Ball, location: 2F 2-2: Ball 3-2: Base on Balls David Thielker scores Mike L Hart to third Jacob Brumfield to second
|
| Bottom of the 10th over - 1 run, 1 hit, 0 errors, 0 left on base; Tampa 4 - Dunedin 5 |
|